 Dungeon Crawl Stone Soup version 0.29.1-15-g9cfb28693d (webtiles) character file.

Game seed: 616764372992046113

1446 GigaChad the Cleaver (level 8, -14/69 HPs)
             Began as a Minotaur Gladiator on Mar 11, 2023.
             Was an Initiate of Gozag.
             Killed from afar by an acid dragon (20 damage)
             ... with a splash of acid
             ... on level 5 of the Dungeon.
             The game lasted 00:07:33 (6176 turns).

GigaChad the Cleaver (Minotaur Gladiator)           Turns: 6176, Time: 00:07:34

Health: -14/69     AC: 11    Str: 22    XL:     8   Next: 46%
Magic:  7/7        EV:  9    Int:  5    God:    Gozag
Gold:   208        SH:  0    Dex: 11    Spells: 7/7 levels left

rFire   . . .      SeeInvis .   a - +0 war axe
rCold   . . .      Faith    .   (no shield)
rNeg    . . .      Spirit   .   j - +0 chain mail
rPois   .          Reflect  .   c - +0 hat
rElec   .          Harm     .   u - +0 cloak
rCorr   .          Rampage  .   (no gloves)
Will    .....                   (no boots)
Stlth   ..........              (no amulet)
HPRegen 0.21/turn               (no ring)
MPRegen 0.10/turn               (no ring)

@: gold aura
A: horns 2, retaliatory headbutt
a: Renounce Religion, Potion Petition, Call Merchant, Bribe Branch


You were on level 5 of the Dungeon.
You worshipped Gozag.
Gozag was aware of your devotion.
You visited 2 branches of the dungeon, and saw 6 of its levels.

You collected 330 gold pieces.
You spent 42 gold pieces at shops.
You paid 80 gold pieces to Gozag.

Inventory:

Hand Weapons
 a - a +0 war axe (weapon)
 f - a +0 whip of venom
 t - a +3 quarterstaff of chaos
 v - a +0 morningstar of holy wrath
Missiles
 d - 3 throwing nets (quivered)
 e - 3 javelins
 E - 4 poisoned darts
Armour
 b - a +0 leather armour
 c - a +0 hat (worn)
 j - a +0 chain mail (worn)
 u - a +0 cloak (worn)
Jewellery
 m - a ring of fire
Wands
 C - a wand of roots (6)
Scrolls
 k - 2 scrolls of teleportation {unknown}
 n - a scroll of torment
 o - a scroll of immolation
 p - 2 scrolls of blinking
 s - a scroll of fear
 x - a scroll of brand weapon {unknown}
 y - 4 scrolls of identify
 z - a scroll of enchant armour {unknown}
 A - a scroll of amnesia {unknown}
 B - a scroll of summoning {unknown}
Potions
 g - 2 potions of flight {unknown}
 h - 4 potions of curing
 i - 3 potions of haste {unknown}
 l - a potion of degeneration {unknown}
 q - a potion of ambrosia {unknown}
 r - 3 potions of lignification {unknown}
 w - a potion of berserk rage {unknown}
 D - a potion of brilliance {unknown}


   Skills:
 + Level 5.5 Fighting
 + Level 9.1 Axes
 + Level 2.0 Throwing
 + Level 7.0 Armour
 + Level 4.4 Dodging
 + Level 0.8 Stealth


You had 7 spell levels left.
You didn't know any spells.
Your spell library contained the following spells:

 Spells                   Type           Power      Damage    Failure   Level
 Apportation              Tloc           0%         N/A       98%         1
 Beastly Appendage        Tmut           0%         N/A       98%         1
 Blink                    Tloc           0%         N/A       99%         2
 Poisonous Vapours        Pois/Air       0%         N/A       99%         2
 Wereblood                Tmut           0%         N/A       99%         2
 Spider Form              Tmut/Pois      0%         N/A       100%        3
 Alistair's Intoxication  Tmut/Pois      0%         N/A       100%        5
 Manifold Assault         Tloc           0%         N/A       100%        5
 Storm Form               Tmut/Air       0%         N/A       100%        7
 Corpse Rot               Necr/Pois/Air  Unusable   N/A       N/A         4

Dungeon Overview and Level Annotations

Branches:
Dungeon (5/15)             Temple (1/1) D:5

Altars:
Ashenzari
Cheibriados
Dithmenos
Elyvilon
Fedhas
Gozag
Hepliaklqana
Kikubaaqudgha
Makhleb
Nemelex Xobeh
Sif Muna
Trog
Uskayaw
Wu Jian
Yredelemnul
The Shining One

Shops:
D:5 **

Annotations:
D:4 3 runed translucent doors, hawla's ghost, amateur MeFE


Innate Abilities, Weirdness & Mutations

You have a pair of horns on your head.
You reflexively headbutt those who attack you in melee.


Message History

The yak barely misses you.
You hit the yak but do no damage. Your headbutt misses the yak.
The yak is almost dead.
The yak gores you!
You completely miss the yak.
The yak is almost dead.
The yak closely misses you. You furiously retaliate!
You headbutt the yak. You hit the yak.
The yak is almost dead.
The yak gores you!
You hit the yak but do no damage. You headbutt the yak.
You kill the yak!
The acid dragon bites you but does no damage.
The acid dragon claws you but does no damage.
Your Axes skill increases to level 9!
Your Armour skill increases to level 7!
You slash the acid dragon!
The acid dragon is moderately wounded.
The acid dragon spits acid at you. The splash of acid hits you!
* * * LOW HITPOINT WARNING * * *
You slash the acid dragon! Your headbutt misses the acid dragon.
The acid dragon is severely wounded.
The acid dragon bites you.
* * * LOW HITPOINT WARNING * * *
The acid dragon closely misses you.
You slash the acid dragon! Your headbutt misses the acid dragon.
The acid dragon is almost dead.
The acid dragon barely misses you.
The acid dragon claws you but does no damage.
You closely miss the acid dragon.
The acid dragon is almost dead.
The acid dragon bites you.
* * * LOW HITPOINT WARNING * * *
The acid dragon claws you but does no damage.
You completely miss the acid dragon.
The acid dragon is almost dead.
The acid dragon spits acid at you. The splash of acid hits you!!
You die...
Your body crumbles into a pile of gold.

.#..#..#..# ##.#####....###.
....#.....# #.# #....# #.
..5O#.....# #.#####....# #.
###################.#...#....# #.
........)...........#.#.#....# #.
........))..........#.#.#....# #.
###################.#.#.#....# #.
....#.....#......##.#.#.#....# #.
....#)....#.....@##.#.#.#....# #.
.#..#..#..#..###D##.#.#.########.
.#..#..#..#..# ?)#...............
.#.....#.....#.:.#..#..<........#
[#.....#.....#[)(#..#.#########.#
##################..#............
#>..............#############
#########.#.###..............
#.#.#################


You could see an acid dragon (catching breath).

Vanquished Creatures
  A yak (D:5)
  2 black bears
  An ogre (D:5)
  A kobold brigand (D:5)
  8 scorpions (D:5)
  2 hounds (D:5)
  5 iguanas
  Crazy Yiuf (D:2)
  Natasha (twice) (D:3)
  An orc wizard (D:4)
  Robin (D:3)
  A gnoll (D:1)
  6 adders
  A shadow imp (D:5)
  A white imp (D:5)
  2 ufetubi
  A worm (D:2)
  6 dart slugs
  2 orcs (D:4)
  10 ball pythons
  3 endoplasms (D:2)
  5 giant cockroaches
  12 hobgoblins
  6 jackals
  3 quokkas
  A bat (D:2)
  A frilled lizard (D:1)
  16 goblins
  9 kobolds
  6 rats
117 creatures vanquished.

Notes
Turn   | Place    | Note
-------+----------+-------------------------------------------
     0 | D:1      | GigaChad the Minotaur Gladiator began the quest for the
                  | Orb.
     0 | D:1      | Reached XP level 1. HP: 18/18 MP: 0/0
   425 | D:1      | Reached skill level 4 in Axes
   491 | D:1      | Reached XP level 2. HP: 25/25 MP: 1/1
   586 | D:1      | Reached skill level 1 in Armour
   586 | D:1      | Reached XP level 3. HP: 11/30 MP: 2/2
  1458 | D:2      | Found a blossoming altar of Fedhas.
  1792 | D:2      | Found a runed translucent door.
  1793 | D:2      | Noticed Crazy Yiuf
  2203 | D:2      | Reached XP level 4. HP: 38/38 MP: 3/3
  2455 | D:2      | Killed Crazy Yiuf
  2456 | D:2      | Reached skill level 5 in Axes
  2801 | D:3      | Noticed Robin
  2828 | D:3      | Killed Robin
  2833 | D:3      | Reached XP level 5. HP: 31/45 MP: 4/4
  3166 | D:3      | Noticed Natasha
  3170 | D:3      | Killed Natasha
  3310 | D:3      | Noticed Natasha
  3315 | D:3      | Killed Natasha
  3373 | D:4      | Reached skill level 6 in Axes
  3395 | D:4      | Found a runed translucent gate.
  3395 | D:4      | Found a runed translucent gate.
  3395 | D:4      | Found a runed translucent gate.
  3396 | D:4      | Noticed hawla's ghost (amateur MeFE)
  3540 | D:4      | Noticed a black bear
  3550 | D:4      | Killed a black bear
  3551 | D:4      | Reached XP level 6. HP: 15/52 MP: 5/5
  4160 | D:5      | Entered Level 5 of the Dungeon
  4160 | D:5      | Found Cyph's General Store.
  4171 | D:5      | Bought a potion of curing for 42 gold pieces
  4264 | D:5      | Found Qeomm's Neck Hole.
  4330 | D:5      | Reached skill level 7 in Axes
  4538 | D:5      | Reached XP level 7. HP: 50/60 MP: 6/6
  4824 | D:5      | Found a hide-covered altar of Uskayaw.
  4834 | D:5      | Reached skill level 5 in Armour
  5077 | D:5      | Reached skill level 5 in Fighting
  5077 | D:5      | Reached skill level 8 in Axes
  5087 | D:5      | HP: 2/61 [scorpion (5)]
  5091 | D:5      | Reached XP level 8. HP: 9/68 MP: 7/7
  5662 | D:5      | Found a staircase to the Ecumenical Temple.
  5680 | Temple   | Entered the Ecumenical Temple
  5821 | Temple   | Became a worshipper of Gozag Ym Sagoz the Greedy
  6172 | D:5      | Reached skill level 9 in Axes
  6176 | D:5      | Killed from afar by an acid dragon

Illustrated notes

Levels and vault maps discovered:
D:1:      elethiomel_arrival_shortcut, layout_basic
D:2:      layout_basic, basic_altar, uniq_crazy_yiuf_cottage
D:3:      layout_rooms, grunt_decor_arrowhead, uniq_natasha, uniq_robin
D:4:      layout_rooms, gammafunk_ghost_split, bh_walls_and_bars
D:5:      kennysheep_windowed_halls, layout_basic,
          nicolae_uskayaw_murder_on_the_dancefloor,
          minmay_temple_entry_glassed_door, serial_shops, shop_fountains,
          supply_closet_lemuel, nicolae_shop_sticking_my_neck_out
Temple:   eino_narrow_crystal_temple

Skill      XL: |  1  2  3  4  5  6  7  8 |
---------------+-------------------------+-----
Axes           | 4 5 6 7 8 9 |  9.1
Armour         | 1 2 3 4 5 7 |  7.0
Fighting       | 3 4 5 |  5.5
Dodging        | 4 |  4.4
Throwing       | |  2.0
Stealth        | |  0.8

Action                   |  1- 3 |  4- 6 |  7- 9 || total
-------------------------+-------+-------+-------++-------
Melee: War axe           |    54 |   109 |    96 ||   259
       Headbutt          |    10 |    14 |    22 ||    46
       Punch             |       |     2 |     1 ||     3
  Use: Scroll            |       |     5 |       ||     5
       Potion            |       |       |     1 ||     1
Armor: Leather armour    |     3 |       |       ||     3
       Chain mail        |    11 |    80 |    68 ||   159
Dodge: Dodged            |    46 |    79 |    60 ||   185
